 Dungeon Crawl Stone Soup version 0.31-a0-187-gba352fbbf7 (webtiles) character file.

Game seed: 6630218149828832143

59 Dittersdorf the Shield-Bearer (level 4, -2/29 HPs)
             Began as a Gargoyle Fighter on June 22, 2023.
             Slain by a cerulean imp
             ... wielding a +2 spear
             ... summoned by Natasha
              (4 damage)
             ... on level 1 of the Dungeon.
             The game lasted 00:01:15 (1362 turns).

Dittersdorf the Shield-Bearer (Gargoyle Fighter)    Turns: 1362, Time: 00:01:15

Health: -2/29      AC: 10    Str: 21    XL:     4   Next: 3%
Magic:  13/13      EV:  9    Int:  9    God:
Gold:   78         SH:  4    Dex:  9    Spells: 3/3 levels left

rFire   . . .        a - +0 flail
rCold   . . .        c - +0 buckler
rNeg    + + .        b - +0 scale mail
rPois   ∞            (no helmet)
rElec   +            (no cloak)
rCorr   .            (no gloves)
SInv    .            (no boots)
Will    .....        (no amulet) Stlth
                     m - ring of magical power
HPRegen 0.24/turn    o - ring of positive energy
MPRegen 0.13/turn

%: no passive effects
@: no status effects
A: sickness immunity, AC +3, negative energy resistance 1, electricity
resistance, torment resistance 1, petrification resistance
a: no special abilities


You were on level 1 of the Dungeon.
You visited 1 branch of the dungeon, and saw 2 of its levels.

You collected 78 gold pieces.

Inventory:

Hand Weapons
 a - a +0 flail (weapon)
Armour
 b - a +0 scale mail (worn)
 c - a +0 buckler (worn)
Jewellery
 m - a ring of magical power (left hand)
 o - a ring of positive energy (right hand)
Scrolls
 g - a scroll of immolation {unknown}
 i - a scroll of acquirement {unknown}
 j - a scroll of teleportation {unknown}
 n - a scroll of blinking {unknown}
Potions
 d - a potion of might
 e - 3 potions of curing {unknown}
 f - a potion of haste {unknown}
 h - a potion of invisibility {unknown}
 k - a potion of mutation {unknown}
 l - a potion of cancellation {unknown}


   Skills:
 + Level 3.8 Fighting
 + Level 2.6 Maces & Flails
 + Level 3.8 Armour
 + Level 3.8 Shields


You had 3 spell levels left.
You didn't know any spells.
Your spell library contained the following spells:

 Spells                   Type           Power      Damage    Failure   Level
 Ensorcelled Hibernation  Hex/Ice        0%         N/A       90%         2
 Passwall                 Tmut/Erth      0%         N/A       90%         2
 Swiftness                Air            0%         N/A       99%         3


Dungeon Overview and Level Annotations

Branches:
Dungeon (2/15)

Altars:

Annotations:
D:1 Natasha


Innate Abilities, Weirdness & Mutations

You are immune to sickness and miasma.
Your stone body is resilient. (AC +3)
You are immune to poison.
You resist negative energy. (rN+)
You are resistant to electric shocks. (rElec)
You are resistant to unholy torment.
You are immune to petrification.


Message History

You are too injured to fight recklessly!
You are too injured to fight recklessly!
You are too injured to fight recklessly!
You are too injured to fight recklessly!
You are too injured to fight recklessly!
You are too injured to fight recklessly!
You are too injured to fight recklessly!
You are too injured to fight recklessly!
You are too injured to fight recklessly!
You are too injured to fight recklessly!
You are too injured to fight recklessly!
You are too injured to fight recklessly!
You are too injured to fight recklessly!
You are too injured to fight recklessly!
You barely miss Natasha. The cerulean imp closely misses you.
The cerulean imp barely misses you. Natasha claws you but does no damage.
You block the cerulean imp's attack.
You closely miss Natasha. The cerulean imp barely misses you.
Natasha claws you but does no damage. You block the cerulean imp's attack. x2
Natasha closely misses you.
You hit Natasha but do no damage.
The cerulean imp hits you but does no damage.
You block the cerulean imp's attack. Natasha claws you.
You hit Natasha.
Natasha is lightly wounded.
The cerulean imp disappears in a puff of smoke!
The cerulean imp hits you but does no damage.
Natasha barely misses you.
You hit Natasha.
Natasha is heavily wounded.
The cerulean imp hits you but does no damage.
Natasha closely misses you.
The cerulean imp hits you from afar with a +2 spear.
* * * LOW HITPOINT WARNING * * *
You hit Natasha.
Natasha is almost dead.
Natasha claws you.
* * * LOW HITPOINT WARNING * * *
The cerulean imp hits you from afar with a +2 spear.
You die...

*,,,,,,,,,,,...#....#****,,,,,*
******,,,****#.#.#..# *,,,,,*
*,,,* *......##########* *,,,*
**#.#..##.......# *,,,*
#.......#####.# *,,,*
#....##.#####.### **,**
##....##.#.......# *)****
#.#...##.#..#..#.# *,,,,**
##@........#...#.##
******,***,**#h............>....
*,,^,,,,,,,*#.5...#####.#####.##
*,*,,,,,,,,.......# #.#####.#
*,*,***,,,###.....# #.......#
*,*,**,,,,* ##...## #########
**,*,**,),,* #.#.# ,,,*,**,**,*
#.,.# ****,,,,,,,* **,**


You could see Natasha (resistant) and a cerulean imp (summoned).

Vanquished Creatures
  Natasha (D:1)
  An adder (D:1)
  3 bats
  3 endoplasms
  3 goblins
  A hobgoblin (D:1)
  A quokka (D:1)
  3 ball pythons
  7 kobolds
23 creatures vanquished.

Notes
Turn   | Place    | Note
-------+----------+-------------------------------------------
     0 | D:1      | Dittersdorf the Gargoyle Fighter began the quest for the
                  | Orb.
     0 | D:1      | Reached XP level 1. HP: 14/14 MP: 1/1
   133 | D:1      | Reached XP level 2. HP: 14/19 MP: 2/2
   815 | D:2      | Reached XP level 3. HP: 23/23 MP: 3/3
   997 | D:2      | Noticed Natasha
  1057 | D:1      | Killed Natasha
  1058 | D:1      | Reached XP level 4. HP: 23/29 MP: 4/4
  1344 | D:1      | Noticed Natasha
  1362 | D:1      | Slain by a cerulean imp

Illustrated notes

Levels and vault maps discovered:
D:1:      lightli_arrival_farm, layout_loops_cross
D:2:      layout_basic, uniq_natasha

Action                     |  1- 3 |  4- 6 || total
---------------------------+-------+-------++-------
  Melee: Flail             |    78 |    14 ||    92
 Armour: Scale mail        |    51 |    15 ||    66
  Dodge: Dodged            |    40 |    11 ||    51
  Block: Buckler           |    18 |    10 ||    28

Table legend: (Time is in decaauts)
 A = Elapsed time spent in this place.
 B = Non-inter-level travel time spent in this place.
 C = Inter-level travel time spent in this place.
 D = Time resting spent in this place.
 E = Time spent auto-exploring this place.
 F = Levels seen in this place.
 G = Mean time per level.
                   A        B        C        D        E       F      G
               +--------+--------+--------+--------+--------+-----+--------+
         Total |   1432 |   1400 |     32 |     39 |   1121 |   2 |  716.0 |
       Dungeon |   1432 |   1400 |     32 |     39 |   1121 |   2 |  716.0 |
               +--------+--------+--------+--------+--------+-----+--------+

Top non-repeatable levels by time:
     D:1: 1093 daAuts
     D:2: 339 daAuts
